 Dungeon Crawl Stone Soup version 0.17.0-24-gcfadda4 (console) character file.

380 Kloppie the Skirmisher (level 6, -4/56 HPs)
             Began as a Minotaur Assassin on Nov 17, 2015.
             Was an Initiate of Makhleb.
             Killed by nerve-wracking pain
             ... invoked by Grinder
              (12 damage)
             ... on level 4 of the Dungeon.
             The game lasted 00:08:20 (3933 turns).

Kloppie the Skirmisher (Minotaur Assassin)          Turns: 3933, Time: 00:08:21

Health: -4/56      AC:  9    Str: 18    XL:     6   Next: 46%
Magic:  5/5        EV: 10    Int:  8    God:    Makhleb [......]
Gold:   150        SH:  0    Dex: 11    Spells: 0 memorised, 5 levels left

rFire  . . .     SeeInvis .     a - +0 mace
rCold  . . .     Clarity  .     E - +0 scale mail
rNeg   . . .     SustAt   .     (no shield)
rPois  .         Gourm    .     (helmet restricted)
rElec  .         Spirit   .     d - +0 cloak
rCorr  .         Warding  .     p - +0 pair of gloves
rMut   .         Stasis   .     (no boots)
MR     .....                    (no amulet)
Stlth  +.........               (no ring)
                                (no ring)

@: not resistant to hostile enchantments, very unstealthy
A: retaliatory headbutt, horns 2
a: Renounce Religion


You were on level 4 of the Dungeon.
You worshipped Makhleb.
Makhleb was noncommittal.
You were not hungry.

You visited 2 branches of the dungeon, and saw 5 of its levels.

You collected 150 gold pieces.

Inventory:

Hand Weapons
 a - a +0 mace (weapon)
 b - a +0 blowgun
 t - a +0 great mace
Armour
 d - a +0 cloak (worn)
 p - a +0 pair of gloves (worn)
 E - a +0 scale mail (worn)
Jewellery
 i - an uncursed ring of teleportation
 A - an uncursed ring of ice
Scrolls
 j - a scroll of teleportation
 C - a scroll of fear {unknown}
Potions
 c - a potion of agility
 n - a potion of invisibility
 r - a potion of resistance
 u - a potion of cancellation
 x - a potion of haste {unknown}
Comestibles
 f - a chunk of flesh
 g - 7 bread rations
 m - 2 slices of pizza
 w - a meat ration
 D - 4 fruits


   Skills:
 + Level 5.1 Fighting
   Level 2.1 Short Blades
 + Level 4.2 Maces & Flails
 - Level 2.0 Throwing
 + Level 4.4 Armour
 - Level 1.1 Dodging
 - Level 3.2 Stealth


You had 5 spell levels left.
You didn't know any spells.

Dungeon Overview and Level Annotations

Branches:
Dungeon (4/15)             Temple (1/1) D:4

Altars:
Fedhas
Gozag
Kikubaaqudgha
Makhleb
Okawaru
Qazlal
Sif Muna
Vehumet
Yredelemnul
The Shining One

Annotations:
D:4 Grinder; jkyoghurt's ghost, amateur SpEn


Innate Abilities, Weirdness & Mutations

You reflexively headbutt those who attack you in melee.
You have a pair of horns on your head.


Message History

Pain shoots through your body!
* * * LOW HITPOINT WARNING * * *
You can move again.
You see here a scroll of identify.
Grinder gestures.
Grinder blinks!
You sock Grinder!
Grinder is moderately wounded.
Grinder closely misses you.
You closely miss Grinder. Your headbutt misses Grinder.
Grinder is moderately wounded.
Grinder barely misses you.
You hit Grinder. Your headbutt misses Grinder.
Grinder is moderately wounded.
Grinder hits you but does no damage.
You hit Grinder. Your headbutt misses Grinder.
Grinder is heavily wounded.
Grinder gestures at you. Pain shoots through your body!
You die...

.................### .##
##.####.####.###...# #####.# ##.#
#.# #.....#.#######..#..# ##.##
#.# #####..............# ##<)#
#[# ####...##......### ###)###.#
##............. ..#))##.###
#...#.........#.
#.##.##...########.>......##..#.#
#..[)##......?..@5.####.####.#.#.
####.##.##.#..###### #.# #..#.>
#......##.#.## #.# #.#.#.
#.#...###?#.#### ..# #..#.#
#.###..........# ... #...#. #.
##.)........# #. #.....
#.##.).........# #.[#.>
##.(............# .......
#..._...........## .#####.


You could see Grinder.

Vanquished Creatures
  A centaur (D:4)
  An ogre (D:4)
  A worker ant (D:4)
  Robin (D:4)
  9 adders
  A worm (D:3)
  An adder skeleton (D:4)
  5 giant geckos
  6 orcs
  2 ball pythons
  5 bats
  2 giant cockroaches (D:2)
  18 goblins
  11 hobgoblins
  3 jackals (D:1)
  4 quokkas
  3 giant newts (D:1)
  8 kobolds
  8 rats
90 creatures vanquished.

Notes
Turn   | Place    | Note
--------------------------------------------------------------
     0 | D:1      | Kloppie the Minotaur Assassin began the quest for the Orb.
     0 | D:1      | Reached XP level 1. HP: 18/18 MP: 0/0
    51 | D:1      | Reached skill level 1 in Armour
   297 | D:1      | Reached XP level 2. HP: 24/26 MP: 1/1
   520 | D:1      | Reached skill level 1 in Maces & Flails
   664 | D:1      | Reached XP level 3. HP: 29/31 MP: 2/2
  1347 | D:2      | Reached XP level 4. HP: 33/38 MP: 3/3
  1818 | D:3      | Found a faded altar to an unknown god.
  1827 | D:3      | Reached skill level 4 in Fighting
  2093 | D:3      | Reached XP level 5. HP: 39/46 MP: 4/4
  2405 | D:4      | Found a staircase to the Ecumenical Temple.
  2429 | Temple   | Entered the Ecumenical Temple
  2464 | Temple   | Became a worshipper of Makhleb the Destroyer
  2582 | D:4      | Noticed a centaur
  2586 | D:4      | Noticed Grinder
  2941 | D:4      | Killed a centaur
  3044 | D:4      | HP: 2/47 [Grinder/nerve-wracking pain (14)]
  3363 | D:4      | Noticed jkyoghurt's ghost (amateur SpEn)
  3364 | D:4      | Noticed Robin
  3402 | D:4      | Killed Robin
  3402 | D:4      | Reached XP level 6. HP: 53/55 MP: 5/5
  3405 | D:4      | Noticed an ogre
  3415 | D:4      | Killed an ogre
  3415 | D:4      | Reached skill level 5 in Fighting
  3636 | D:4      | Found a radiant altar of Vehumet.
  3638 | D:4      | Found a stormy altar of Qazlal.
  3638 | D:4      | Noticed an ogre
  3907 | D:4      | Paralysed by Grinder for 5 turns
  3920 | D:4      | Paralysed by Grinder for 7 turns
  3933 | D:4      | Killed from afar by Grinder

Action                   |  1- 3 |  4- 6 || total
-------------------------+-------+-------++-------
Melee: Dagger            |    20 |       ||    20
       Whip              |     1 |       ||     1
       Mace              |    64 |   160 ||   224
 Fire: Blowgun           |       |    10 ||    10
  Use: Scroll            |       |    12 ||    12
 Stab: Sleeping          |     1 |     1 ||     2
  Eat: Chunk             |     1 |     8 ||     9
       Fruit             |       |     1 ||     1
